 Dungeon Crawl Stone Soup version 0.25-a0-1119-g28b6fd0c3b (webtiles) character file.

Game seed: 15987616317818040311, levelgen mode: deterministic

176 tilp the Bolt Thrower (level 5, -4/33 HPs)
             Began as a Kobold Arcane Marksman on May 18, 2020.
             Slain by an iguana (5 damage)
             ... on level 4 of the Dungeon.
             The game lasted 00:07:26 (2797 turns).

tilp the Bolt Thrower (Kobold Arcane Marksman)      Turns: 2797, Time: 00:07:26

Health: -4/33      AC:  9    Str:  8    XL:     5   Next: 86%
Magic:  6/6        EV:  5    Int: 14    God:
Gold:   147        SH:  0    Dex: 22    Spells: 3/6 levels left

rFire    . . .     SeeInvis .   a - +1 hand crossbow
rCold    . . .     Gourm    .   (shield restricted)
rNeg     . . .     Faith    .   w - +0 chain mail
rPois    .         Spirit   .   q - +0 helmet
rElec    .         Reflect  .   (no cloak)
rCorr    .         Harm     .   (no gloves)
MR       .....                  (no boots)
Stlth    ..........             (no amulet)
HPRegen  0.11/turn              s - +6 ring of dexterity
MPRegen  0.10/turn              (no ring)

@: no status effects
A: small, carnivore
a: no special abilities


You were on level 4 of the Dungeon.
You were completely stuffed.

You visited 1 branch of the dungeon, and saw 4 of its levels.

You collected 147 gold pieces.

Inventory:

Hand Weapons
 a - a +1 hand crossbow (weapon)
 b - a +1 vampiric dagger
 e - a +0 mace
 p - a +3 trident
 u - a +0 rapier
Missiles
 d - 52 bolts (quivered)
 o - 22 poisoned darts
Armour
 q - a +0 helmet (worn)
 w - a +0 chain mail (worn)
Jewellery
 s - a +6 ring of dexterity (left hand)
Scrolls
 f - a scroll of remove curse
 g - a scroll of enchant weapon
 h - 2 scrolls of amnesia
 i - a scroll of immolation {unknown}
 t - a scroll of random uselessness {unknown}
 x - a scroll of identify
Potions
 j - a potion of haste
 k - 3 potions of mutation {unknown}
 l - a potion of flight {unknown}
 m - a potion of curing
 n - a potion of stabbing {unknown}
 r - 2 potions of might
 v - a potion of invisibility {unknown}
Comestibles
 c - 5 rations


   Skills:
 - Level 4.0 Fighting
 + Level 5.1 Crossbows
 - Level 2.4 Dodging
 - Level 1.1 Spellcasting
 - Level 3.0 Hexes


You had 3 spell levels left.
You knew the following spells:

 Your Spells              Type           Power        Failure   Level  Hunger
a - Corona                Hex            #......      100%        1    ##.....
b - Slow                  Hex            #.......     100%        2    ###....

Your spell library contained the following spells:

 Spells                   Type           Power        Failure   Level  Hunger
 Inner Flame              Hex/Fire       #.......     100%        3    ####...
 Portal Projectile        Hex/Tloc       #.....       100%        3    ####...
 Cause Fear               Hex            #.........   100%        4    #####..
 Leda's Liquefaction      Hex/Erth       #.........   100%        4    #####..


Dungeon Overview and Level Annotations

Branches:
Dungeon (4/15)
 Temple: D:4-7

Altars:
Fedhas
Nemelex Xobeh

Annotations:
D:4 exclusion: oklob plant


Innate Abilities, Weirdness & Mutations

You are small and have problems with some larger weapons.
You are carnivorous and can eat meat at any time.


Message History

The iguana bites you.
* * * LOW HITPOINT WARNING * * *
Firing (i - inventory. (/) - cycle)
d - 55 bolts (quivered)
Press: ? - help, Shift-Dir - straight line, f/p - iguana
Aim: an iguana (heavily wounded)
You shoot a bolt. The bolt barely misses the iguana.
The iguana bites you.
* * * LOW HITPOINT WARNING * * *
Firing (i - inventory. (/) - cycle)
d - 54 bolts (quivered)
Press: ? - help, Shift-Dir - straight line, f/p - iguana
Aim: an iguana (heavily wounded)
You shoot a bolt.
The bolt hits the iguana but does no damage.
The iguana is heavily wounded.
The iguana bites you.
* * * LOW HITPOINT WARNING * * *
Firing (i - inventory. (/) - cycle)
d - 53 bolts (quivered)
Press: ? - help, Shift-Dir - straight line, f/p - iguana
Aim: an iguana (heavily wounded)
You shoot a bolt. The bolt barely misses the iguana.
The iguana bites you.
You die...

...####.#.##
#....#.....#
######.##...<..# ##.
##..............###
..##..#...#####.#..##.
# #.. #..### #.#..#..
#. .. ##.##
####....... #. #.##..#
#.....##... #..
#..#@## #..###.##...
###.###.#l# #..
#.##<.. ###.........#
#. #.##.รท.
..........### #
#.#.... ###.......#
#...... #........#
#..#... ......>..#.#
#.##... #####.####.#
#.. #... #. .# #. ##..


You could see an iguana.

Vanquished Creatures
  A hound (D:3)
  5 adders
  3 oozes (D:1)
  An adder skeleton (D:4)
  A worm (D:3)
  2 dart slugs (D:1)
  5 leopard geckos
  An orc (D:3)
  12 bats
  3 giant cockroaches
  3 goblins
  7 hobgoblins
  8 jackals
  7 kobolds
  A quokka (D:2)
  A ball python (D:1)
  6 frilled lizards
  6 rats
73 creatures vanquished.

Notes
Turn   | Place    | Note
-------+----------+-------------------------------------------
     0 | D:1      | tilp the Kobold Arcane Marksman began the quest for the
                  | Orb.
     0 | D:1      | Reached XP level 1. HP: 12/12 MP: 2/2
   111 | D:1      | Reached XP level 2. HP: 17/17 MP: 1/3
   115 | D:1      | Learned a level 2 spell: Slow
   318 | D:1      | Reached XP level 3. HP: 22/23 MP: 4/4
   701 | D:1      | Reached XP level 4. HP: 26/29 MP: 5/5
  1110 | D:2      | Reached skill level 3 in Crossbows
  1659 | D:3      | Reached XP level 5. HP: 33/33 MP: 6/6
  1790 | D:3      | Reached skill level 4 in Crossbows
  2305 | D:3      | Found a sparkling altar of Nemelex Xobeh.
  2431 | D:4      | Noticed an orc warrior
  2481 | D:3      | Reached skill level 5 in Crossbows
  2645 | D:4      | Found a blossoming altar of Fedhas.
  2658 | D:4      | Noticed an oklob plant
  2796 | D:4      | HP: 1/33 [iguana (1)]
  2797 | D:4      | Slain by an iguana

Illustrated notes

Levels and vault maps discovered:
D:1:      saegor_arrival_simple_d, layout_rooms
D:2:      layout_loops_cross
D:3:      layout_basic, first_ration, nemelex_altar_shiori
D:4:      layout_rooms, kiku_gazebo_pond_becter,
          nicolae_dithmenos_shadow_blocks, tgw_fedhas

Skill      XL: |  1  2  3  4  5 |
---------------+----------------+-----
Fighting       | 2 3 4 |  4.0
Crossbows      | 3 5 |  5.1
Dodging        | |  2.4
Spellcasting   | |  1.1
Hexes          | |  3.0

Action                   |  1- 3 |  4- 6 || total
-------------------------+-------+-------++-------
Melee: Dagger            |    68 |   247 ||   315
 Fire: Hand crossbow     |    49 |    24 ||    73
 Cast: Corona            |     2 |       ||     2
  Use: Scroll            |       |     6 ||     6
       Potion            |       |     1 ||     1
 Stab: Sleeping          |       |     2 ||     2
  Eat: Chunk             |     8 |     7 ||    15
Armor: Robe              |     1 |       ||     1
       Leather armour    |    27 |    44 ||    71
       Chain mail        |       |    81 ||    81
Dodge: Dodged            |    92 |   155 ||   247

Table legend:
 A = Non-vault XP
 B = Vault XP
 C = Vault XP percentage of total XP
 D = Non-vault monster count
 E = Vault monster count
 F = Vault count percentage of total count
                 A         B        C        D         E       F
            +---------+---------+-------+---------+---------+-------
      Total |     252 |       0 |   0.0 |      73 |       0 |   0.0
            +---------+---------+-------+---------+---------+-------
        D:1 |      69 |       0 |   0.0 |      29 |       0 |   0.0
        D:2 |      43 |       0 |   0.0 |      18 |       0 |   0.0
        D:3 |     123 |       0 |   0.0 |      20 |       0 |   0.0
        D:4 |      17 |       0 |   0.0 |       6 |       0 |   0.0
            +---------+---------+-------+---------+---------+-------
